 Dungeon Crawl Stone Soup version 0.32-a0-19-g28bc0835a1 (webtiles) character file.

Game seed: 14628530646824295141

3445 MacCMillion the Cleaver (level 10, -1/77 HPs)
             Began as a Formicid Fighter on Jan 17, 2024.
             Was a Priest of Okawaru.
             Incinerated by a deep elf pyromancer (13 damage)
             ... with a pyre arrow
             ... on level 7 of the Dungeon.
             The game lasted 00:13:24 (8821 turns).

MacCMillion the Cleaver (Formicid Fighter)          Turns: 8821, Time: 00:13:25

Health: -1/77      AC: 19    Str: 25    XL:     10   Next: 26%
Magic:  23/23      EV: 12    Int:  8    God:    Okawaru [***...]
Gold:   163        SH:  5    Dex: 13    Spells: 9/9 levels left

rFire   . . .        a - +0 war axe
rCold   . . .        c - +0 buckler
rNeg    . . .        w - +0 plate armour
rPois   .            (helmet unavailable)
rElec   .            (no cloak)
rCorr   +            s - +2 pair of gloves
SInv    +            x - +2 pair of boots of Valiance {-Tele Fly Regen+ MP+9}
Will    +....        (no amulet) Stlth
                     m - +5 ring of evasion
HPRegen 1.12/turn    f - ring of resist corrosion
MPRegen 0.18/turn

%: no passive effects
@: on fire, flying, glowing
A: permanent stasis, dig shafts and tunnels, antennae 3, four strong arms
a: Dig, Shaft Self, Renounce Religion, Heroism


You were on level 7 of the Dungeon.
You worshipped Okawaru.
Okawaru was most pleased with you.
You visited 2 branches of the dungeon, and saw 8 of its levels.
You also visited: Bailey.

You collected 461 gold pieces.
You spent 298 gold pieces at shops.

Inventory:

Hand Weapons
 a - a +0 war axe (weapon)
Missiles
 q - 6 javelins (quivered)
 y - 5 curare-tipped darts
Armour
 c - a +0 buckler (worn)
 s - a +2 pair of gloves (worn)
 w - a +0 plate armour (worn)
 x - the +2 pair of boots of Valiance (worn) {-Tele Fly Regen+ MP+9}
   (You bought it in a shop on level 7 of the Dungeon)

   MP+9:      It affects your magic capacity (+9).
   Fly:       It grants you flight.
   -Tele:     It prevents most forms of teleportation.
   Regen+:    It increases your rate of health regeneration.
Jewellery
 f - a ring of resist corrosion (right hand)
 g - a ring of protection from cold
 m - a +5 ring of evasion (left hand)
 r - an amulet of faith
 t - a ring of ice
Wands
 b - a wand of roots (4)
 n - a wand of flame (31)
Scrolls
 e - 3 scrolls of enchant armour {unknown}
 j - 2 scrolls of teleportation {unknown}
 l - 2 scrolls of vulnerability {unknown}
 o - 2 scrolls of amnesia
 p - a scroll of enchant weapon {unknown}
 u - a scroll of fear {unknown}
Potions
 d - 3 potions of might
 h - 4 potions of curing
 i - 7 potions of heal wounds
 k - 2 potions of attraction
 v - a potion of haste {unknown}
 z - 5 potions of brilliance
 A - 6 potions of magic
 B - a potion of experience {unknown}
 C - 2 potions of cancellation {unknown}
 D - a potion of resistance {unknown}


   Skills:
 + Level 6.4 Fighting
 + Level 11.1 Axes
 + Level 6.4 Armour
 - Level 4.0 Shields
 + Level 5.8 Invocations


You had 9 spell levels left.
You didn't know any spells.
Your spell library contained the following spells:

 Spells                   Type           Power      Damage    Failure   Level
 Lesser Beckoning         Tloc           0%         N/A       100%        2
 Mercury Vapours          Alch/Air       0%         N/A       100%        2
 Momentum Strike          Conj/Tloc      0%         3d8       100%        2
 Sublimation of Blood     Necr           0%         N/A       100%        2
 Mephitic Cloud           Conj/Alch/Air  0%         N/A       100%        3
 Freezing Cloud           Conj/Ice/Air   0%         6-21      100%        5
 Blink                    Tloc           Unusable   N/A       N/A         2
 Call Imp                 Summ           Unusable   N/A       N/A         2
 Summon Hydra             Summ           Unusable   N/A       N/A         7

Dungeon Overview and Level Annotations

Branches:
Dungeon (7/15)             Temple (1/1) D:5          Bailey (visited)

Altars:
Ashenzari
Cheibriados
Dithmenos
Elyvilon
Fedhas
Hepliaklqana
Kikubaaqudgha
Makhleb
Nemelex Xobeh
Okawaru
Qazlal
Ru
Sif Muna
Trog
Uskayaw
Vehumet
Wu Jian
Xom

Shops:
D:2 !   D:4 =   D:7 [


Innate Abilities, Weirdness & Mutations

You cannot be hasted, slowed, berserked, paralysed or teleported.
You can dig through walls and to a lower floor.
You have a pair of large antennae on your head. (SInv)
Your four strong arms can wield two-handed weapons with a shield.


Message History

You slice the deep elf pyromancer!!
The deep elf pyromancer is heavily wounded.
The liquid fire burns you! The deep elf pyromancer misses you.
You hit the deep elf pyromancer.
The deep elf pyromancer is heavily wounded.
The liquid fire burns you!
The deep elf pyromancer hits you but does no damage.
You closely miss the deep elf pyromancer.
The deep elf pyromancer is heavily wounded.
The liquid fire burns you!
The deep elf pyromancer points at you and mumbles some strange words.
The pyre arrow hits you.
You are even more covered in intense liquid fire!
You closely miss the deep elf pyromancer.
The deep elf pyromancer is heavily wounded.
The liquid fire burns you!
The deep elf pyromancer points at you and mumbles some strange words.
The pyre arrow misses you.
You closely miss the deep elf pyromancer.
The deep elf pyromancer is heavily wounded.
The liquid fire burns you!
The deep elf pyromancer gestures wildly while chanting.
The deep elf pyromancer blinks!
You shake off some of the fire as you move.
The liquid fire burns you!
You hit the deep elf pyromancer.
The deep elf pyromancer is heavily wounded.
The liquid fire burns you!
* * * LOW HITPOINT WARNING * * *
You closely miss the deep elf pyromancer.
The deep elf pyromancer is heavily wounded.
The liquid fire burns you!
* * * LOW HITPOINT WARNING * * *
The deep elf pyromancer hits you but does no damage.
You slash the deep elf pyromancer!
You kill the deep elf pyromancer!
Okawaru is honoured by your kill. The liquid fire burns you!
You die...

##.........#..#
###..........#..##
#.............#..##
#.###########.....#
#######.#..'8.!+ .#.....#
##....##.#..'...+..#.##.##
#.....##.#..'!.P+..#.####
#....##..#..#'''#..#...#
##...##..#.ยง#@).#..#..##
#........#..#...#..#..#
#####.....#.#..#...#..#.##
..##........#..#.>.#..#..####
............#..#...#..#..#..##
..###.......#..8...8..#......###
...##...................###....#
..##.......#.....#...####.##...##
.#......#..##...................#


There were no monsters in sight!

Vanquished Creatures
  An orc knight (Bailey)
  A deep elf pyromancer (D:7)
  Maurice (D:7)
  A hornet (D:7)
  A wyvern (D:7)
  2 sky beasts
  4 orc warriors
  A centaur (D:7)
  2 phantoms (D:6)
  Blork the orc (D:5)
  4 scorpions
  A bullfrog (D:7)
  2 howler monkeys (D:4)
  A bombardier beetle (D:5)
  A jelly (D:6)
  5 orc priests
  4 hounds
  6 orc wizards
  2 sleepcaps
  Natasha (thrice) (D:3)
  2 iguanas (D:5)
  18 gnolls
  5 adders
  A shadow imp (D:7)
  4 white imps
  An ufetubus (D:6)
  33 orcs
  6 endoplasms
  3 giant cockroaches
  11 goblins
  4 hobgoblins
  4 jackals (D:4)
  6 kobolds
  4 quokkas
  7 bats
  4 frilled lizards
  2 rats (D:1)
159 creatures vanquished.

Notes
Turn   | Place    | Note
-------+----------+-------------------------------------------
     0 | D:1      | MacCMillion the Formicid Fighter began the quest for the
                  | Orb.
     0 | D:1      | Reached XP level 1. HP: 18/18 MP: 1/1
   110 | D:1      | Reached XP level 2. HP: 24/24 MP: 2/2
   689 | D:1      | Reached skill level 3 in Axes
   729 | D:1      | Reached XP level 3. HP: 24/29 MP: 3/3
  1150 | D:2      | Found Kuroeromats's Distillery.
  1153 | D:2      | Bought a potion of heal wounds for 70 gold pieces
  1563 | D:2      | Reached skill level 4 in Axes
  1563 | D:2      | Reached XP level 4. HP: 19/35 MP: 4/4
  2193 | D:3      | Noticed Natasha
  2200 | D:3      | Killed Natasha
  2282 | D:3      | Reached XP level 5. HP: 41/41 MP: 5/5
  2320 | D:3      | Reached skill level 5 in Axes
  2339 | D:3      | Noticed Natasha
  2496 | D:3      | Killed Natasha
  2651 | D:3      | Noticed Natasha
  2784 | D:3      | Killed Natasha
  2832 | D:3      | Reached XP level 6. HP: 18/47 MP: 6/6
  2969 | D:3      | Reached skill level 6 in Axes
  3766 | D:3      | Found a sacrificial altar of Ru.
  3767 | D:3      | Found a snail-covered altar of Cheibriados.
  3767 | D:3      | Found an iron altar of Okawaru.
  3769 | D:3      | Found a hide-covered altar of Uskayaw.
  3772 | D:3      | Became a worshipper of Warmaster Okawaru
  3857 | D:4      | Reached skill level 1 in Invocations
  3979 | D:4      | Reached XP level 7. HP: 52/52 MP: 6/8
  4284 | D:4      | Reached skill level 7 in Axes
  4767 | D:4      | Found Bowkel's Jewellery Shop.
  4814 | D:5      | Entered Level 5 of the Dungeon
  4938 | D:5      | Noticed Blork the orc
  4948 | D:5      | Killed Blork the orc
  4948 | D:5      | Reached * piety under Okawaru
  5311 | D:5      | Reached skill level 8 in Axes
  5311 | D:5      | Reached XP level 8. HP: 28/58 MP: 10/10
  5931 | D:5      | Found a staircase to the Ecumenical Temple.
  5937 | Temple   | Entered the Ecumenical Temple
  6628 | D:6      | Reached skill level 9 in Axes
  6712 | D:6      | Reached ** piety under Okawaru
  7103 | D:6      | Reached skill level 10 in Axes
  7125 | D:6      | Reached XP level 9. HP: 45/65 MP: 11/11
  7273 | D:6      | HP: 1/65 [orc warrior/+0 flail (7)]
  7644 | D:7      | Found the +1 Delatra's gloves {ID++}
  7750 | D:7      | Noticed a hornet
  7771 | D:7      | Killed a hornet
  7772 | D:7      | Reached skill level 5 in Fighting
  7772 | D:7      | Reached skill level 5 in Armour
  7902 | D:7      | Found Dekig's Antique Armour Emporium.
  7928 | D:7      | Bought a pair of ichor-stained boots for 228 gold pieces
  7928 | D:7      | Identified the +2 pair of boots of Valiance {-Tele Fly
                  | Regen+ MP+9} (You bought it in a shop on level 7 of the
                  | Dungeon)
  7934 | D:7      | Found a flagged portal.
  7983 | Bailey   | Entered a bailey
  8204 | Bailey   | Noticed an orc knight
  8238 | Bailey   | Killed an orc knight
  8238 | Bailey   | Reached *** piety under Okawaru
  8505 | D:7      | Reached skill level 5 in Invocations
  8505 | D:7      | Reached XP level 10. HP: 73/76 MP: 13/13
  8575 | D:7      | Noticed Maurice
  8598 | D:7      | Killed Maurice
  8599 | D:7      | Reached skill level 11 in Axes
  8801 | D:7      | Noticed a deep elf pyromancer
  8821 | D:7      | Killed a deep elf pyromancer
  8821 | D:7      | Incinerated by a deep elf pyromancer

Illustrated notes

Levels and vault maps discovered:
D:1:      dpeg_arrival_subterranean_lakeside_camping, layout_loops_ring
D:2:      layout_loops_cross, serial_shops, nicolae_shop_window_shopping,
          minmay_misc_feat_diagonals
D:3:      layout_basic, minitemple, wander_ebering_terrifying_dragon_lair,
          uniq_natasha
D:4:      layout_basic, serial_shops, shop_statue
D:5:      layout_loops_ring, minmay_temple_entry_ruins, uniq_blork_the_orc
D:6:      layout_loops_ring, minmay_fractal_squares_5
D:7:      layout_cave_pools, enter_bailey_5, serial_shops, shop,
          guppyfry_early_elven_hall, uniq_maurice
Temple:   eino_temple_water

Skill      XL: |  1  2  3  4  5  6  7  8  9 10 |
---------------+-------------------------------+-----
Axes           | 3 4 5 6 8 10 11 | 11.1
Invocations    | 1 3 5 |  5.8
Fighting       | 5 6 |  6.4
Armour         | 5 6 |  6.4
Shields        | |  4.0

Action                     |  1- 3 |  4- 6 |  7- 9 | 10-12 || total
---------------------------+-------+-------+-------+-------++-------
  Melee: War axe           |   128 |   108 |   381 |    50 ||   667
  Throw: Javelin           |       |       |     4 |       ||     4
 Invoke: Heroism           |       |       |     2 |     1 ||     3
Ability: Dig               |       |       |     1 |       ||     1
  Evoke: Wand              |       |       |     1 |       ||     1
    Use: Scroll            |       |       |     1 |     4 ||     5
         Potion            |       |       |     1 |       ||     1
 Armour: Scale mail        |    81 |    57 |    37 |       ||   175
         Chain mail        |       |       |   119 |       ||   119
         Plate armour      |       |       |    75 |    22 ||    97
  Dodge: Dodged            |    73 |    58 |   199 |    20 ||   350
  Block: Buckler           |    40 |    22 |    94 |     9 ||   165

Table legend: (Time is in decaauts)
 A = Elapsed time spent in this place.
 B = Non-inter-level travel time spent in this place.
 C = Inter-level travel time spent in this place.
 D = Time resting spent in this place.
 E = Time spent auto-exploring this place.
 F = Levels seen in this place.
 G = Mean time per level.
                   A        B        C        D        E       F      G
               +--------+--------+--------+--------+--------+-----+--------+
         Total |   8923 |   8549 |    374 |   2377 |   4312 |   9 |  991.4 |
       Dungeon |   8269 |   7895 |    374 |   2130 |   4196 |   7 | 1181.3 |
        Temple |    142 |    142 |      0 |    134 |      0 |   1 |  142.0 |
        Bailey |    511 |    511 |      0 |    113 |    116 |   1 |  511.0 |
               +--------+--------+--------+--------+--------+-----+--------+

Top non-repeatable levels by time:
     D:3: 1630 daAuts
     D:5: 1472 daAuts
     D:2: 1241 daAuts
     D:6: 1150 daAuts
     D:1: 1100 daAuts
     D:4: 1020 daAuts
     D:7: 654 daAuts
  Bailey: 511 daAuts
  Temple: 142 daAuts
